 Dungeon Crawl Stone Soup version 0.19-a0-1682-g5114f93 (webtiles) character file.

627 aronpayne the Skirmisher (level 7, -3/61 HPs)
             Began as a Hill Orc Fighter on Sept 24, 2016.
             Was an Initiate of Uskayaw.
             Slain by a gnoll
             ... wielding a +0 halberd
              (9 damage)
             ... on level 4 of the Dungeon.
             The game lasted 00:16:41 (4902 turns).

aronpayne the Skirmisher (Hill Orc Fighter)         Turns: 4902, Time: 00:16:42

Health: -3/61      AC: 13    Str: 26    XL:     7   Next: 48%
Magic:  0/8        EV:  7    Int:  8    God:    Uskayaw [......]
Gold:   254        SH: 10    Dex: 10    Spells: 0 memorised, 6 levels left

rFire  . . .     SeeInvis .     a - +0 long sword
rCold  . . .     Gourm    .     b - +1 chain mail of Pragmatism {rPois Str+5} (curse)
rNeg   . . .     Faith    .     c - +0 shield
rPois  +         Spirit   .     j - +0 helmet
rElec  .         Dismiss  .     (no cloak)
rCorr  .         Reflect  .     (no gloves)
MR     .....     Harm     .     (no boots)
Stlth  ..........               (no amulet)
                                l - ring of poison resistance
                                v - +1 ring of slaying

@: very slightly contaminated
A: no striking features
a: Renounce Religion


You were on level 4 of the Dungeon.
You worshipped Uskayaw.
Uskayaw was noncommittal.
You were very hungry.

You visited 2 branches of the dungeon, and saw 5 of its levels.

You collected 254 gold pieces.

Inventory:

Hand Weapons
 a - a +0 long sword (weapon)
Armour
 b - the cursed +1 chain mail of Pragmatism (worn) {rPois Str+5}
   (You found it on level 4 of the Dungeon)

   It affects your strength (+5).
   It protects you from poison.
   It has a curse placed upon it.
 c - a +0 shield (worn)
 j - a +0 helmet (worn)
 B - a +0 chain mail
Jewellery
 l - a ring of poison resistance (right hand)
 m - an uncursed ring of fire
 p - an uncursed ring of see invisible
 v - a +1 ring of slaying (left hand)
Wands
 d - a wand of random effects (21/48)
 x - a wand of flame (24/48)
Scrolls
 e - 2 scrolls of identify
 g - a scroll of blinking {unknown}
 i - 2 scrolls of enchant armour
 n - a scroll of remove curse
 q - a scroll of magic mapping {unknown}
 r - a scroll of fear {unknown}
 s - 2 scrolls of immolation {unknown}
 u - a scroll of enchant weapon {unknown}
 y - a scroll of recharging {unknown}
 A - a scroll of teleportation
Potions
 h - 2 potions of invisibility
 t - a potion of cancellation {unknown}
 z - a potion of flight {unknown}
 C - a potion of mutation {unknown}
 D - 2 potions of curing {unknown}
 E - a potion of haste {unknown}
 F - a potion of heal wounds {unknown}
 H - a potion of magic {unknown}
Comestibles
 f - 5 bread rations
 o - 4 meat rations
 w - 2 slices of pizza


   Skills:
 + Level 5.1 Fighting
 + Level 4.4 Long Blades
 + Level 4.9 Armour
 + Level 2.8 Dodging
 + Level 4.7 Shields
 * Level 2.2 Invocations


You had 6 spell levels left.
You didn't know any spells.

Dungeon Overview and Level Annotations

Branches:
Dungeon (4/15)             Temple (1/1) D:4

Altars:
Ashenzari
Cheibriados
Dithmenos
Elyvilon
Fedhas
Gozag
Hepliaklqana
Kikubaaqudgha
Makhleb
Nemelex Xobeh
Okawaru
Qazlal
Ru
Uskayaw
Xom
Yredelemnul
Zin
The Shining One


Message History

You kill the gnoll!
The gnoll hits you from afar with a halberd!
* * * LOW HITPOINT WARNING * * *
You can now stomp with the beat.
You block the gnoll's attack.
You see here an enchanted halberd.
You stomp with the beat, sending a shockwave through the revelers around you!
The gnoll is heavily wounded.
You feel somewhat more hungry.
You can no longer stomp with the beat.
You block the gnoll's attack.
You barely miss the gnoll.
The gnoll is heavily wounded.
The gnoll hits you with a halberd.
* * * LOW HITPOINT WARNING * * *
All of the chunks of flesh in your inventory have rotted away.
You hit the gnoll.
The gnoll is severely wounded.
The gnoll hits you with a halberd!
You die...

.##...# ###.................(.⌠
.###..# ###......................
## #..###..........#########.....
# #..##........####.......###..#
# #..........###...............#
####..........#........⌠(......[#
..............#........)......###
#..#####.....##..###.......####..
#### ##....#..@g.#########.....
####..#.))................
#..####⌠.................. ###
##..# ######...........#### #.##
#...# #..#.############# #.
##.###..#####..............## ##
#.......###.................# #
###............#.............# ##
##...........###.............###.


You could see a gnoll.

Vanquished Creatures
  Blork the orc (D:4)
  2 scorpions (D:4)
  2 hounds (D:4)
  An orc priest (D:3)
  A gnoll shaman (D:4)
  Ijyb (D:2)
  Natasha (thrice) (D:2)
  A howler monkey zombie (D:4)
  7 gnolls
  10 adders
  A worm (D:2)
  3 dart slugs (D:1)
  7 orcs
  A ball python (D:3)
  4 giant cockroaches
  7 goblins
  7 hobgoblins
  2 jackals (D:3)
  9 bats
  5 frilled lizards
  6 kobolds
  11 rats
  2 plants (D:3)
94 creatures vanquished.

Notes
Turn   | Place    | Note
-------+----------+-------------------------------------------
     0 | D:1      | aronpayne the Hill Orc Fighter began the quest for the Orb.
     0 | D:1      | Reached XP level 1. HP: 19/19 MP: 1/1
    84 | D:1      | Reached XP level 2. HP: 23/27 MP: 2/2
   323 | D:1      | Reached skill level 1 in Dodging
   581 | D:1      | Reached XP level 3. HP: 33/33 MP: 3/3
  1045 | D:2      | Found an iron altar of Okawaru.
  1100 | D:2      | Noticed Natasha
  1116 | D:2      | Killed Natasha
  1116 | D:2      | Reached skill level 4 in Fighting
  1116 | D:2      | Reached XP level 4. HP: 7/40 MP: 4/4
  1232 | D:2      | Noticed Natasha
  1385 | D:2      | Killed Natasha
  1561 | D:2      | Noticed Ijyb
  1574 | D:2      | Killed Ijyb
  1574 | D:2      | Reached XP level 5. HP: 42/46 MP: 5/5
  1800 | D:2      | Noticed Natasha
  1810 | D:2      | Killed Natasha
  2621 | D:3      | Reached XP level 6. HP: 45/53 MP: 6/6
  3452 | D:4      | Got a warped chain mail
  3453 | D:4      | Identified the cursed +1 chain mail of Pragmatism {rPois Str+5} (You found it on level 4 of the Dungeon)
  4020 | D:4      | Found a staircase to the Ecumenical Temple.
  4040 | Temple   | Entered the Ecumenical Temple
  4136 | Temple   | Became a worshipper of Uskayaw the Reveler
  4271 | D:4      | Reached * piety under Uskayaw
  4407 | D:4      | Reached ** piety under Uskayaw
  4409 | D:4      | Reached skill level 5 in Fighting
  4409 | D:4      | Reached skill level 1 in Invocations
  4409 | D:4      | Reached XP level 7. HP: 61/61 MP: 7/7
  4508 | D:4      | Found a shattered altar of Ashenzari.
  4660 | D:4      | Noticed Blork the orc
  4678 | D:4      | Killed Blork the orc
  4854 | D:4      | Reached *** piety under Uskayaw
  4902 | D:4      | Slain by a gnoll

Vault maps used:
D:1:      lemuel_arrival_cross, serial_park_tiny_1
D:2:      lemuel_coloured_pillars_altar, first_bread, uniq_natasha, uniq_iyjb
D:3:      saegor_snake_ambush
D:4:      kennysheep_spiral_hall, cheibrodos_ashenzari_chains,
          uniq_blork_the_orc
Temple:   regret_index_temple_sphere_string

Skill      XL: |  1  2  3  4  5  6  7 |
---------------+----------------------+-----
Dodging        | 1 2 |  2.8
Fighting       | 4 5 |  5.1
Long Blades    | 3 4 |  4.4
Armour         | 4 |  4.9
Shields        | 4 |  4.7
Invocations    | 1 2 |  2.2

Action                   |  1- 3 |  4- 6 |  7- 9 || total
-------------------------+-------+-------+-------++-------
Melee: Long sword        |   139 |   265 |    46 ||   450
Invok: Stomp             |       |       |     4 ||     4
  Use: Scroll            |     5 |     3 |       ||     8
       Potion            |       |     1 |     2 ||     3
 Stab: Paralysed         |       |       |     1 ||     1
  Eat: Meat ration       |     1 |       |       ||     1
       Chunk             |       |     7 |     1 ||     8
Armor: Scale mail        |    61 |    76 |       ||   137
       Chain mail        |       |    21 |    21 ||    42
Dodge: Dodged            |    41 |    73 |    13 ||   127
Block: Shield            |    71 |   136 |    31 ||   238
